Unix NetHack Version 5.0.0-0 post-release - last build May 23 2026 06:08:33 (1c0ff79ee797540d5714e4e18072db0edd9e58ae,branch:main).

Game began 2026-05-28 13:47:11, ended 2026-05-29 00:23:51.

IanCurtis, chaotic male elven Wizard

  -----                      ----------
  |....#######               |........|
  |...|    ` ################|........|
  |...-#    #               #|.........#
  |...|########             #-.--------#
  |...|       #####         ####       #
  -----           ##-----     #        #
                   #|...-#             #
                   #....|###           #
                    |.`.|  #           #
                    --+-.  #           ###
                           #*         # ##
                          ##            #
                           #-.----      #
                           #.....|      #--------
                           #|....[#%#  ##...@(..|
                            |.<.%|      #|..du*..
                            ------      #--------

IanCurtis the Thaumaturge  St:11 Dx:18 Co:12 In:16 Wi:10 Ch:11  Chaotic
Dlvl:7  $:466 HP:0(36) Pw:27(63) AC:9  Xp:6 T:3136  Hungry   Burdened

Latest messages:
 The dwarf swings his pick-axe.
 The dwarf hits!
 The dog misses the dwarf.
 The dog misses the dwarf.
 In what direction? j
 The spell hits the dwarf!
 You kill the dwarf!
 Your dog eats a dwarf corpse.
 You hit the kobold lady.
 You kill the kobold lady!
 You hit the gnome.
 You kill the gnome!
 You have a little trouble lifting Q - a tripe ration (2 in total).
 The dog picks up a hooded cloak.
 You fall down the stairs.
 You hear the footsteps of a guard on patrol.
 What do you want to call this dungeon level? vault
 You swap places with your dog.
 You are carrying too much to get through.
 You swap places with your dog.
 You swap places with your dog.
 The white unicorn vanishes!
 You hear the footsteps of a guard on patrol.
 You swap places with your dog.
 In what direction? k
 The spell hits the yellow mold!
 You kill the yellow mold!
 You swap places with your dog.
 You swap places with your dog.
 You swap places with your dog.
 You swap places with your dog.
 You swap places with your dog.
 You swap places with your dog.
 In what direction? l
 The statue shatters.
 You are beginning to feel hungry.
 You swap places with your dog.
 The white unicorn butts!
 The white unicorn kicks!
 The white unicorn butts!
 The white unicorn kicks!
 The dog bites the white unicorn.
 In what direction? n
 The white unicorn seems to be moving slower.
 The white unicorn butts!
 The white unicorn kicks!
 The dog misses the white unicorn.
 The white unicorn butts!
 You die...
 Do you want your possessions identified? [ynq] (y) q

Inventory:
 Coins    ('$')
  $ - 466 gold pieces
 Amulets  ('"')
  v - a cursed amulet of change
  G - a cursed amulet versus poison
 Weapons  (')')
  a - a blessed +1 quarterstaff (weapon in hands)
 Armor    ('[')
  H - a cursed +0 helmet
  b - an uncursed +0 cloak of magic resistance (being worn)
 Comestibles  ('%')
  B - 2 uncursed cram rations
  Q - 2 uncursed tripe rations
 Scrolls  ('?')
  q - a blessed scroll of amnesia
  k - an uncursed scroll of enchant armor
  y - a blessed scroll of fire
  i - an uncursed scroll of food detection
  L - a blessed scroll of genocide
  I - a cursed scroll of genocide
  j - 2 uncursed scrolls of identify
  A - an uncursed scroll of light
  K - 2 cursed scrolls of punishment
  P - a cursed scroll of stinking cloud
  N - 2 uncursed scrolls of teleportation
 Potions  ('!')
  D - an uncursed potion of enlightenment
  p - a blessed potion of extra healing
  T - an uncursed potion of gain energy
  O - an uncursed potion of healing
  R - a cursed potion of healing
  J - an uncursed potion of polymorph
  S - a cursed potion of speed
  f - 2 uncursed potions of water
  g - an uncursed potion of water
  h - an uncursed potion of water
  E - 2 potions of unholy water
 Rings    ('=')
  l - an uncursed ring of conflict
  r - an uncursed ring of fire resistance
  e - an uncursed ring of see invisible
  U - a cursed ring of sustain ability
 Wands    ('/')
  C - a wand of light (0:14)
  c - a wand of opening (0:8)
  z - a wand of polymorph (0:6)
  x - a wand of undead turning (0:4)
 Tools    ('(')
  o - an uncursed tooled horn
  V - a cursed blindfold
  n - a magic marker (0:19)
  d - a +0 pick-axe

IanCurtis the Wizard's attributes:

Background:
 You were a Thaumaturge, a level 6 male elven Wizard.
 You were chaotic, nominally on a mission for Anhur
 who was opposed by Ptah (lawful) and Thoth (neutral).
 You were right-handed.
 You were in the Dungeons of Doom, on level 7.
 You entered the dungeon 3136 turns ago.
 It was the midnight hour.
 You had 376 experience points, 264 more were needed to attain level 7.

Basics:
 You had 0 out of 36 hit points.
 You had 27 out of 63 energy points (spell power).
 Your armor class was 9.
 Your wallet contained 466 zorkmids.
 Autopickup was off.

Final Characteristics:
 Your strength was 11 (limit:18).
 Your dexterity was 18 (limit:18).
 Your constitution was 12 (limit:16).
 Your intelligence was 16 (limit:20).
 Your wisdom was 10 (limit:20).
 Your charisma was 11 (limit:18).

Final Status:
 You were hungry.
 You were burdened; movement was slightly slowed.
 You were wielding a quarterstaff.
 You had basic skill with quarterstaff.

Final Attributes:
 You were piously aligned.
 You were magic-protected.
 You were sleep resistant.
 You had infravision.
 You were warded.
 You are dead.

Miscellaneous:
 You encountered 1 bones level.
 Total elapsed playing time was 19 minutes and 17 seconds.

Major events:
 Turn
    1: IanCurtis the chaotic male elven Wizard entered the dungeon
  847: entered the Gnomish Mines
 1183: attained the rank of Conjurer (level 3)
 2855: attained the rank of Thaumaturge (level 6)
 3136: killed by a white unicorn

Spells:
 Name                 Level Category     Fail Retention
 force bolt             1   attack         0%   81%-90%
 detect monsters        1   divination     0%  76%-100%
 extra healing          3   healing       87%  76%-100%
 slow monster           2   enchantment    0%   81%-90%

Skills:
 Fighting Skills
   bare handed combat [Unskilled]
   riding             [Unskilled]
 Weapon Skills
   dagger             [Unskilled]
   knife              [Unskilled]
   axe                [Unskilled]
   short sword        [Unskilled]
   club               [Unskilled]
   mace               [Unskilled]
   quarterstaff       [Basic]
   polearms           [Unskilled]
   spear              [Unskilled]
   trident            [Unskilled]
   sling              [Unskilled]
   dart               [Unskilled]
   shuriken           [Unskilled]
 Spellcasting Skills
   attack spells      [Basic]
   healing spells     [Unskilled]
   divination spells  [Unskilled]
   enchantment spells [Basic]
   clerical spells    [Unskilled]
   escape spells      [Unskilled]
   matter spells      [Unskilled]

Voluntary challenges:
 Character rerolling was not enabled.
 You were an atheist.
 You never genocided any monsters.
 You never polymorphed an object.
 You never changed form.
 You used no wishes.
Achievements:
 You entered a shop.
 You entered the Gnomish Mines.
 You attained the rank of Conjurer.
 You attained the rank of Thaumaturge.

 The Dungeons of Doom: levels 1 to 7
    Level 1: "vault"
    Level 2:
       A food shop, a fountain.
       Stairs down to The Gnomish Mines.
    Level 3:
       A fountain.
    Level 4:
       A fountain.
    Level 5:
       Some fountains.
    Level 6:
       Some fountains.
    Level 7: "vault" <- You were here.
       Final resting place for
          you, killed by a white unicorn,
          groeloe-Kni-Hum-Fem-Law, killed by a giant beetle.
 The Gnomish Mines: levels 3 to 4
    Level 3:
    Level 4:


Vanquished creatures:
  a ghost
  a giant beetle
  a lizard
  a blue jelly
  a gnome mummy
  a rock piercer
  a fog cloud
  a gnome leader
  3 giant ants
  2 little dogs
  a kitten
  2 dwarves
  a homunculus
  2 kobold leaders
  a rothe
  a giant bat
  a wererat
 an iguana
  a hobbit
  2 giant rats
  2 cave spiders
  a brown mold
  a yellow mold
  a green mold
  2 gnomes
  a gnome zombie
  2 geckos
  5 jackals
  a kobold
  3 goblins
  2 sewer rats
  4 grid bugs
  a lichen
  a newt
53 creatures vanquished.

No species were genocided or became extinct.

Game over:
                       ----------
                      /          \
                     /    REST    \
                    /      IN      \
                   /     PEACE      \
                  /                  \
                  |    IanCurtis     |
                  |      466 Au      |
                  |   killed by a    |
                  |  white unicorn   |
                  |                  |
                  |                  |
                  |       2026       |
                 *|     *  *  *      | *
        _________)/\\_//(\/(/\)/\//\/|_)_______

Goodbye IanCurtis the Wizard...

You died in The Dungeons of Doom on dungeon level 7 with 2224 points,
and 466 pieces of gold, after 3136 moves.
You were level 6 with a maximum of 36 hit points when you died.

